 Dungeon Crawl Stone Soup version 0.28.0-47-ge53b351184 (webtiles) character file.

Game seed: 17557886079087036216

16200 issech the Cleaver (level 12, -9/103 HPs)
             Began as a Troll Monk on May 9, 2022.
             Was a High Priest of Hepliaklqana.
             Shot with an arrow by a centaur warrior (15 damage)
             ... on level 13 of the Dungeon.
             The game lasted 00:39:32 (10998 turns).

issech the Cleaver (Troll Monk)                    Turns: 10998, Time: 00:39:33

Health: -9/103     AC: 11    Str: 22    XL:     12   Next: 8%
Magic:  11/11      EV: 10    Int:  6    God:    Hepliaklqana [*****.]
Gold:   918        SH: 15    Dex: 16    Spells: 11/11 levels left

rFire   + . .      SeeInvis .   U - +3 morningstar
rCold   . . .      Faith    .   y - +0 tower shield
rNeg    . . .      Spirit   .   W - +0 troll leather armour
rPois   .          Reflect  .   (helmet restricted)
rElec   .          Harm     .   Z - +0 cloak
rCorr   .          Rampage  .   (gloves unavailable)
Will    .....                   (boots unavailable)
Stlth   ++........              H - amulet of the acrobat
HPRegen 1.87/turn               h - +4 ring of protection
MPRegen 0.12/turn               s - ring of protection from fire

@: lethally poisoned (-9 -> -10), studying Ice Magic
A: reduced essence, large, unfitting armour, claws 3, regeneration 1, shaggy fur
1, tough skin 1
a: Renounce Religion, Recall Ancestor, Ancestor Identity, Transference, Idealise


You were on level 13 of the Dungeon.
You worshipped Hepliaklqana.
Hepliaklqana was extremely pleased with you.
You visited 2 branches of the dungeon, and saw 14 of its levels.

You collected 918 gold pieces.

Inventory:

Hand Weapons
 a - a +2 long sword of electrocution
 g - a +1 short sword
 C - a +2 mace of draining
 E - the +8 frozen axe "Frostbite" {freezing cloud, *Noise Fly rC+}
   (You found it on level 11 of the Dungeon)

   It freezes those it strikes, dealing additional cold damage.
   It can also slow down cold-blooded creatures.
   It occasionally leaves clouds of freezing vapour upon striking a foe.
   It grants immunity to clouds of freezing vapour.
   rC:        It protects you from cold.
   Fly:       It grants you flight.
   *Noise:    It may make noises in combat.
 M - a +3 rapier
 R - a +3 dagger of chaos
 U - a +3 morningstar (weapon)
Missiles
 d - 265 stones
 i - 146 bolts
 l - 98 sling bullets
 p - 198 arrows
 u - 6 boomerangs
 A - 2 throwing nets
 I - 2 poisoned darts
 V - 14 large rocks (quivered)
 X - 4 javelins
Armour
 y - a +0 tower shield (worn)
 W - a +0 troll leather armour (worn)
 Z - a +0 cloak (worn)
Magical Staves
 G - a staff of fire
Jewellery
 h - a +4 ring of protection (left claw)
 r - a ring of flight
 s - a ring of protection from fire (right claw)
 w - a ring of protection from cold
 B - a ring of protection from fire
 D - a ring of ice
 H - an amulet of the acrobat (around neck)
 O - an amulet of faith
Wands
 L - a wand of acid (12)
 N - a wand of mindburst (5)
 Q - a wand of paralysis (1)
 S - a wand of iceblast (22)
Scrolls
 e - 2 scrolls of blinking
 j - a scroll of enchant weapon {unknown}
 n - a scroll of fear
 o - 4 scrolls of enchant armour
 t - 4 scrolls of amnesia
 v - 4 scrolls of teleportation
 K - 2 scrolls of fog
 Y - a scroll of brand weapon {unknown}
Potions
 b - a potion of degeneration {unknown}
 c - 4 potions of mutation {unknown}
 f - 2 potions of invisibility {unknown}
 k - 6 potions of heal wounds {unknown}
 m - 3 potions of haste
 q - a potion of magic {unknown}
 x - a potion of berserk rage {unknown}
 z - 4 potions of curing {unknown}
 F - 3 potions of flight {unknown}
 P - a potion of lignification {unknown}
 T - 2 potions of attraction {unknown}
Miscellaneous
 J - a box of beasts


   Skills:
 + Level 6.4 Fighting
 + Level 8.7(9.8) Axes
 + Level 7.7(9.8) Maces & Flails
 + Level 2.5 Throwing
 + Level 2.7 Armour
 + Level 7.0 Dodging
 + Level 3.8 Stealth
 + Level 6.4 Shields


You had 11 spell levels left.
You didn't know any spells.
Your spell library contained the following spells:

 Spells                   Type           Power      Damage    Failure   Level
 Foxfire                  Conj/Fire      0%         2x1d4     97%         1
 Corpse Rot               Necr/Air       0%         N/A       99%         2
 Poisonous Vapours        Pois/Air       0%         N/A       99%         2
 Static Discharge         Conj/Air       0%         N/A       99%         2
 Call Canine Familiar     Summ           0%         N/A       100%        3
 Conjure Flame            Conj/Fire      0%         6-21      100%        3
 Dazzling Flash           Conj/Hex       0%         N/A       100%        3
 Ignite Poison            Fire/Tmut/Pois 0%         N/A       100%        3
 Inner Flame              Hex/Fire       0%         N/A       100%        3
 Portal Projectile        Hex/Tloc       0%         N/A       100%        3
 Summon Guardian Golem    Hex/Summ       0%         N/A       100%        3
 Tukima's Dance           Hex            0%         N/A       100%        3
 Dispel Undead            Necr           0%         3d6       100%        4
 Flame Wave               Conj/Fire      0%         2d4       100%        4
 Iskenderun's Mystic Bla  Conj/Tloc      0%         2d3       100%        4
 Leda's Liquefaction      Hex/Erth       0%         N/A       100%        4
 Passage of Golubria      Tloc           0%         N/A       100%        4
 Sticky Flame             Conj/Fire      0%         2d3       100%        4
 Freezing Cloud           Conj/Ice/Air   0%         6-21      100%        5
 Yara's Violent Unravell  Hex/Tmut       0%         3d3       100%        5
 Simulacrum               Ice/Necr       0%         N/A       100%        6
 Starburst                Conj/Fire      0%         6d3       100%        6
 Orb of Destruction       Conj           0%         9d5       100%        7
 Spellforged Servitor     Conj/Summ      0%         N/A       100%        7
 Polar Vortex             Ice            0%         N/A       100%        9


Dungeon Overview and Level Annotations

Branches:
Dungeon (13/15)            Temple (1/1) D:6            Lair (0/6) D:10
    Orc (0/2) D:11
 Vaults: D:13-14

Altars:
Ashenzari
Cheibriados
Dithmenos
Elyvilon
Fedhas
Gozag
Hepliaklqana
Kikubaaqudgha
Makhleb
Nemelex Xobeh
Okawaru
Qazlal
Ru
Sif Muna
Trog
Uskayaw
Vehumet
Wu Jian
Xom
Yredelemnul
Zin
The Shining One

Shops:
D:5 *   D:10 (

Annotations:
D:9 1 runed translucent door, bobregger's ghost, journeyman OgBe
D:13 Erolcha


Innate Abilities, Weirdness & Mutations

Your life essence is reduced to manifest your ancestor. (-10% HP)
You are too large for most types of armour.
You have claws for hands.
Your natural rate of healing is unusually fast.
You are covered in fur. (AC +1)
You have tough skin. (AC +1)


Message History

The arrow completely misses you.
The meliai mumbles some strange prayers to its god against you.
Something smites you!
The meliai invokes the aid of its god against you.
Something smites you!
You hear a zap.
You hear a grinding noise.
The meliai mumbles some strange prayers to its god against you.
Something smites you!
A centaur warrior comes into view.
You block the meliai's attack. x2
The centaur warrior shouts!
The meliai barely misses you. The meliai misses you.
You block the meliai's attack. The meliai stings you!
The centaur warrior wields a +0 shortbow.
The centaur warrior shoots an arrow.
The arrow completely misses you.
The arrow closely misses the meliai.
You block the meliai's attack. The meliai stings you.
You are poisoned.
The meliai poisons you!
The centaur warrior shoots an arrow.
You block the arrow.
A meliai comes into view. It is wielding a +0 hand axe.
You feel very sick.
The meliai invokes the aid of its god against you.
Something smites you!
You feel very sick.
The centaur wields a +0 shortbow.
The centaur shoots an arrow.
The arrow hits you. You block the meliai's attack. x2
There is a stone staircase leading up here.
You feel sick.
The meliai invokes the aid of its god against you.
Something smites you! You block the meliai's attack. The meliai stings you.
The centaur warrior shoots an arrow.
The arrow hits you!!
* * * LOW HITPOINT WARNING * * *
The meliai invokes the aid of its god against you.
Something smites you!
* * * LOW HITPOINT WARNING * * *
You block the meliai's attack. The meliai completely misses you.
The centaur shoots an arrow.
The arrow hits you but does no damage.
The centaur warrior shoots an arrow.
The arrow hits you!
You die...

............[..# ....##
.............$.. .....#
............. ......
...........######.....
#..............#
#...[..........#
###..............##
#...#........?....###
####..y@###............#
.........y##.............
.##......c.c.............
#......c...............
##.....................
##..c...........##....
#...y........##.##...
................#{#...
...............###.R..


You could see a centaur warrior, 3 meliai and 3 centaurs.

Vanquished Creatures
  A centaur warrior (D:12)
  3 two-headed ogres
  2 cyclopes
  A gargoyle (D:12)
  A komodo dragon (D:10)
  A freezing wraith (D:10)
  2 polar bears (D:11)
  A troll (D:9)
  A wraith (D:12)
  4 yaks
  A water moccasin (D:5)
  2 ice beasts
  2 orc warriors
  A centaur (D:5)
  3 scorpions
  A water moccasin zombie (D:5)
  A water moccasin skeleton (D:5)
  2 wights (D:9)
  A killer bee (D:11)
  A howler monkey (D:4)
  An electric eel (D:9)
  A hound (D:5)
  4 orc priests
  4 centaur skeletons
  3 iguanas (D:5)
  2 orc wizards
  A mummy (D:5)
  A howler monkey zombie (D:9)
  A gnoll (D:7)
  2 adders
  A shadow imp (D:6)
  3 worms (D:2)
  2 dart slugs
  20 orcs
  6 ball pythons
  4 endoplasms
  A giant cockroach (D:1)
  6 hobgoblins
  13 jackals
  2 quokkas
  4 bats
  2 frilled lizards
  7 goblins
  A hobgoblin zombie (D:5)
  7 kobolds
  A kobold zombie (D:5)
  2 orc zombies (D:5)
  A rat (D:1)
135 creatures vanquished.

Vanquished Creatures (collateral kills)
  2 two-headed ogres
  A deep elf pyromancer (D:13)
  An ugly thing (D:11)
  A cyclops (D:13)
  Psyche (D:8)
  A komodo dragon (D:12)
  An unseen horror (D:13)
  4 trolls
  2 hornets (D:7)
  2 polar bears (D:11)
  A centaur simulacrum (D:11)
  A wyvern (D:11)
  A wraith (D:12)
  2 vampire mosquitoes (D:12)
  12 yaks
  2 acid dragons
  A water moccasin (D:7)
  2 orc warriors
  2 ice beasts
  An ogre (D:6)
  4 centaurs
  A kobold brigand (D:11)
  A scorpion (D:6)
  2 killer bees (D:11)
  A wight (D:9)
  6 centaur zombies
  An iguana (D:6)
  3 orc wizards
  A killer bee zombie (D:7)
  2 gnolls (D:7)
  A howler monkey skeleton (D:7)
  An adder (D:6)
  A white imp (D:8)
  15 orcs
  3 kobolds (D:11)
84 creatures vanquished.

Vanquished Creatures (others)
  6 battlemagi
  4 fungi (D:9)
  7 plants
17 creatures vanquished.

Grand Total: 236 creatures vanquished

Notes
Turn   | Place    | Note
-------+----------+-------------------------------------------
     0 | D:1      | issech the Troll Monk began the quest for the Orb.
     0 | D:1      | Reached XP level 1. HP: 22/22 MP: 0/0
    95 | D:1      | Reached XP level 2. HP: 29/29 MP: 1/1
   674 | D:2      | Reached XP level 3. HP: 36/36 MP: 2/2
   743 | D:2      | Found a faded altar of an unknown god.
  1552 | D:3      | Reached skill level 1 in Axes
  1711 | D:3      | Reached XP level 4. HP: 44/44 MP: 3/3
  2324 | D:4      | You fall into a shaft and drop 1 floor!
  2324 | D:5      | Entered Level 5 of the Dungeon
  2422 | D:5      | Noticed a centaur
  2432 | D:5      | Killed a centaur
  2433 | D:5      | Reached skill level 2 in Axes
  2433 | D:5      | Reached XP level 5. HP: 45/50 MP: 4/4
  2550 | D:4      | Found an ancient bone altar of Kikubaaqudgha.
  2554 | D:4      | Found a white marble altar of Elyvilon.
  2718 | D:4      | Reached XP level 6. HP: 27/59 MP: 5/5
  2721 | D:4      | Reached skill level 3 in Axes
  3240 | D:5      | Found Idworphali's Fire Supplies.
  3407 | D:5      | Reached XP level 7. HP: 48/67 MP: 6/6
  3717 | D:5      | Reached skill level 4 in Axes
  4413 | D:6      | Found a staircase to the Ecumenical Temple.
  4419 | Temple   | Entered the Ecumenical Temple
  4511 | Temple   | Became a worshipper of Hepliaklqana the Forgotten
  4511 | Temple   | Reached * piety under Hepliaklqana
  4511 | Temple   | Reached ** piety under Hepliaklqana
  4512 | Temple   | Remembered your ancestor Ælfthryth as a battlemage
  4648 | D:6      | Reached skill level 5 in Axes
  4730 | D:6      | Reached skill level 1 in Shields
  4730 | D:6      | Reached XP level 8. HP: 48/67 MP: 7/7
  4922 | D:6      | Reached skill level 6 in Axes
  4928 | D:6      | Reached skill level 1 in Throwing
  4936 | D:6      | Reached XP level 9. HP: 68/75 MP: 8/8
  5674 | D:7      | Reached skill level 7 in Axes
  5686 | D:7      | Found an iron altar of Okawaru.
  5686 | D:7      | Found a burning altar of Makhleb.
  5829 | D:7      | Found a shimmering blue altar of Sif Muna.
  5885 | D:7      | Reached skill level 5 in Dodging
  5934 | D:7      | Found a glowing silver altar of Zin.
  6223 | D:8      | Noticed Psyche
  6231 | D:8      | Paralysed by something for 7 turns
  6237 | D:8      | Killed Psyche
  6449 | D:8      | Reached *** piety under Hepliaklqana
  7193 | D:9      | Noticed a two-headed ogre
  7198 | D:9      | Killed a two-headed ogre
  7199 | D:9      | Reached skill level 8 in Axes
  7199 | D:9      | Reached XP level 10. HP: 26/84 MP: 9/9
  7463 | D:9      | Noticed a two-headed ogre
  7470 | D:9      | Killed a two-headed ogre
  7471 | D:9      | Reached skill level 5 in Fighting
  7672 | D:9      | Noticed bobregger's ghost (journeyman OgBe)
  7678 | D:9      | Found a runed translucent door.
  8248 | D:10     | Entered Level 10 of the Dungeon
  8405 | D:10     | Found a staircase to the Lair.
  8563 | D:10     | Found Nimmiesh's Antique Weapon Shop.
  8740 | D:10     | Reached skill level 5 in Shields
  8748 | D:10     | Reached XP level 11. HP: 93/93 MP: 10/10
  8896 | D:11     | Reached **** piety under Hepliaklqana
  8896 | D:11     | Found a staircase to the Orcish Mines.
  8899 | D:11     | Reached skill level 5 in Maces & Flails
  8907 | D:11     | Reached skill level 1 in Armour
  9091 | D:11     | Found the +8 frozen axe "Frostbite" {freezing cloud, *Noise
                  | Fly rC+}
  9563 | D:11     | Noticed a two-headed ogre
  9574 | D:11     | Killed a two-headed ogre
 10097 | D:12     | Noticed a two-headed ogre
 10097 | D:12     | Noticed a red ugly thing
 10148 | D:11     | Killed a red ugly thing
 10193 | D:12     | Killed a two-headed ogre
 10413 | D:12     | Noticed a centaur warrior
 10422 | D:12     | Killed a centaur warrior
 10685 | D:12     | Reached ***** piety under Hepliaklqana
 10818 | D:12     | Noticed a two-headed ogre
 10824 | D:12     | Killed a two-headed ogre
 10904 | D:13     | Noticed a deep elf pyromancer
 10911 | D:13     | Killed a deep elf pyromancer
 10912 | D:13     | Reached XP level 12. HP: 99/103 MP: 11/11
 10974 | D:13     | Noticed Erolcha
 10993 | D:13     | Noticed a centaur warrior
 10998 | D:13     | Shot with an arrow by a centaur warrior

Illustrated notes

Levels and vault maps discovered:
D:1:      matt_arrival_grand_opening, layout_basic, chequers_mini_garden
D:2:      layout_basic, shapermc_ecumenical_altar_venn
D:3:      layout_loops_corners, minmay_distorted
D:4:      layout_loops_ring, minitemple
D:5:      layout_basic, nicolae_shop_fire_sale [nicolae_sub_dead_trees],
          minmay_mini_ossuary
D:6:      layout_loops_corners, temple_green, grunt_ministairs_2, ldierk_geyser
D:7:      layout_basic, mainiacjoe_overflow_catch_the_wave,
          mainiacjoe_overflow_catwalk_spiral
D:8:      layout_basic, minmay_misc_feat_enclosed,
          hangedman_abyss_or_decor_clamps, uniq_psyche
D:9:      layout_basic, hellmonk_ghost_big_iron, water_boxes_lemuel
D:10:     layout_basic, david_lair_shrubbed, serial_shops, nicolae_shop_trees,
          serial_corexii_hall, chequers_hall_statues_wall_a,
          chequers_hall_statues_y
D:11:     minmay_coctagon, layout_basic, orc_0_dummy
D:12:     layout_irregular_city
D:13:     layout_cave_pools, david_vaults_2, kennysheep_cross_room, uniq_erolcha
Temple:   nicolae_temple_elliptical

Skill      XL: |  1  2  3  4  5  6  7  8  9 10 11 |
---------------+----------------------------------+-----
Maces & Flails | 3 4 7 |  7.7
Axes           | 1 2 3 5 6 8 |  8.7
Dodging        | 3 4 5 6 7 |  7.0
Fighting       | 3 4 5 6 |  6.4
Stealth        | 2 3 |  3.8
Shields        | 1 2 4 5 6 |  6.4
Throwing       | 1 2 |  2.5
Armour         | 2 |  2.7

Action                   |  1- 3 |  4- 6 |  7- 9 | 10-12 || total
-------------------------+-------+-------+-------+-------++-------
Melee: Mace              |    57 |       |       |       ||    57
       War axe           |    60 |   104 |   205 |    17 ||   386
       Punch             |     2 |     1 |       |       ||     3
       Morningstar       |       |       |       |   172 ||   172
Throw: Large rock        |       |     3 |    10 |     8 ||    21
       Stone             |       |     1 |       |     2 ||     3
Invok: Ancestor Life: Ba |       |       |     1 |       ||     1
  Use: Scroll            |       |     1 |       |     8 ||     9
       Potion            |       |       |       |     2 ||     2
 Stab: Sleeping          |     3 |     2 |       |     3 ||     8
       Distracted        |       |       |     1 |     1 ||     2
Armor: Robe              |    62 |    60 |    79 |    16 ||   217
       Skin              |       |       |     1 |       ||     1
       Troll leather arm |       |       |       |    61 ||    61
Dodge: Dodged            |    78 |    85 |    87 |    95 ||   345
Block: Tower shield      |       |       |   123 |   204 ||   327
